[Event "Seniors-LEM-50 Sachsen-Anhalt 2024"]
[Site "Magdeburg"]
[Date "2024.07.01"]
[Round "1.1"]
[White "Puschendorf, Steffen"]
[Black "Wulff, Jens-Peter"]
[Result "1-0"]
[ECO "A42"]
[WhiteElo "2067"]
[BlackElo "1827"]
[Annotator "TA"]
[PlyCount "79"]
[EventDate "2024.06.25"]
[EventType "swiss"]
[EventCountry "GER"]
[SourceTitle "playchess.com"]
[Source "ChessBase"]
[SourceQuality "1"]
[TimeControl "40/5400+30:1800+30"]

1. d4 g6 2. c4 Bg7 3. Nc3 c6 4. e4 d6 5. Be3 Nh6 6. Be2 f6 7. h4 Nf7 8. h5 {[%emt 0:02:06] White is better.} g5 9. Qc2 h6 10. O-O-O Bd7 11. Nf3 Na6 12. e5 f5 13. exd6 {[%emt 0:06:52] White is more active.} (13. c5 $16) 13... exd6 $11 14. a3 Nc7 15. Bd3 Qf6 16. c5 {[%emt 0:05:31][%cal Od4d5] d5! would now be deadly.} d5 {[%emt 0:04:43] [#]} 17. Ne5 $1 Nxe5 18. dxe5 Qe6 19. f4 g4 $2 (19... gxf4 $11 20. Bxf4 O-O-O) 20. Ne2 O-O 21. Ng3 (21. Nd4 $142 Qf7 22. g3) 21... Kh8 22. Rhe1 a5 23. Bd2 Qf7 24. a4 (24. Kb1 $16) 24... Be6 {[%emt 0:00:29] [#]} (24... d4 $1 $14) 25. Qc3 ({Only move:} 25. Ne2 $1 $18) 25... d4 $14 26. Qa3 (26. Qxd4 $14 {is the one way to stay ahead.} Rfd8 27. Qc3) 26... Nd5 $2 ({Better is} 26... Rfd8 $19 {[%cal Ob7b6] White must now prevent ...b6!} 27. b3 Bf8 (27... Bxb3 28. Nxf5 Bxd1 29. Kxd1 $16)) 27. Ne2 $11 Ne3 $2 {[%emt 0:02:47][%mdl 8192] [#]} (27... Rfd8 $1 $11 {and Black is okay.}) 28. Bxe3 $1 $18 (28. Nxd4 Nxd1 29. Rxd1 Bc8 $16) 28... dxe3 29. Nd4 Rad8 30. Bc2 Rxd4 (30... Bc4 $142 31. Rxe3 (31. Qxe3 Qxh5 32. Qc3 Bd5 $18) 31... Qxh5) 31. Rxd4 Bd5 32. g3 ({Much less strong is} 32. Rxe3 Qxh5 33. g3 Qe8 $18) 32... Qxh5 33. Qxe3 {[%emt 0:00:31] Threatens to win with Bb3.} Rd8 $2 (33... Qf7 34. Rd3 Qe6) 34. Bb3 {[%emt 0:01:16] White is clearly winning.} Bf8 35. Rd2 Qf7 36. Bxd5 Rxd5 37. e6 Qe7 38. Rxd5 cxd5 39. Qe5+ Kg8 40. Qxd5 {[%emt 0:00:46] Weighted Error Value: White=0.35/Black=0.62.  Loses game:     	White=1     	Black=1      Missed win:     	---       	Black=1      Mistake:       	White=4     	Black=4      Inaccurate:     	White=3     	Black=3      OK:         	White=10    	Black=8      Strong:       	White=1     	---} 1-0

[Event "Seniors-LEM-50 Sachsen-Anhalt 2024"]
[Site "Magdeburg"]
[Date "2024.07.01"]
[Round "1.2"]
[White "Giesenberg, Angela"]
[Black "Hansch, Torsten"]
[Result "0-1"]
[ECO "C44"]
[WhiteElo "1827"]
[BlackElo "2047"]
[Annotator "TA"]
[PlyCount "72"]
[EventDate "2024.06.25"]
[EventType "swiss"]
[EventCountry "GER"]
[SourceTitle "playchess.com"]
[Source "ChessBase"]
[SourceQuality "1"]
[TimeControl "40/5400+30:1800+30"]

1. Nf3 d5 2. d3 Nf6 3. g3 Nc6 4. Bg2 e5 5. Nbd2 Bc5 6. e4 Bg4 (6... dxe4 $15 7. dxe4 O-O) 7. c3 ({White should try} 7. exd5 $11 Qxd5 8. h3) 7... d4 8. Qc2 O-O {[%emt 0:06:39] Black is slightly better.} 9. h3 Be6 10. O-O dxc3 11. bxc3 h6 12. Nb3 Bb6 13. Be3 Qd7 14. Kh2 Rfd8 15. Rad1 Qe7 16. d4 {[%emt 0:05:12] d5 would now be deadly.} exd4 17. Nfxd4 Nxd4 18. Nxd4 (18. cxd4 {simplifies} Bxb3 19. axb3 c6 20. f3) 18... Bc4 19. Nf5 Qe6 20. Rfe1 Bxa2 (20... Rxd1 $11 21. Qxd1 Bxa2) 21. Nd4 (21. Rxd8+ $1 $14 Rxd8 22. Nd4 Bxd4 23. cxd4) 21... Bxd4 $1 $11 22. Rxd4 Bc4 {[%emt 0:05:15] [#]} 23. e5 $1 {[%emt 0:04:28][%mdl 1024] White has compensation.} Nd5 24. Bc1 (24. Rxc4 Nxe3 (24... Qxe5 $2 25. Qb1 $18) 25. Rxe3 Qxc4 $11) ({White must play} 24. Bxh6 $14 Nb6 25. Rxd8+ Rxd8 26. Bg5) 24... b5 25. Qd2 {[%emt 0:06:44] [#]} (25. Be4 $1 $11) 25... c6 (25... c5 $1 $17 26. Rxc4 bxc4) 26. h4 Kh8 (26... c5 $17 27. Bh3 Qg6) 27. Bh3 ({Better is} 27. Ba3 $1 $11) 27... Qg6 (27... Qe7 $15 28. Bf5 Bb3) 28. Ree4 $2 (28. Ba3 $11) 28... c5 $19 29. Rg4 Qh7 $36 {[%emt 0:00:04][%mdl 2048] Black is in control.} 30. Rxd5 (30. Rxc4 {is tougher.} bxc4 31. Qa2) 30... Bxd5 {[%emt 0:01:34] Black is clearly winning.} 31. Qe3 Be6 32. Rf4 Rac8 {[%emt 0:02:08] Hoping for ...Qc2.} 33. Bg2 Qd3 34. Qe1 Qd1 35. Qe3 Rc7 {[%emt 0:02:40] White must now prevent ...Rd3.} 36. Ba3 Qd3 {[%emt 0:01:12] Weighted Error Value: White=0.64/Black=0.30.  Loses game:     	White=1     	---        Mistake:       	White=6     	Black=4      Inaccurate:     	White=3     	Black=5      OK:         	White=8     	Black=6      Best:        	---       	Black=1      Strong:       	---       	Black=1} 0-1

[Event "Seniors-LEM-50 Sachsen-Anhalt 2024"]
[Site "Magdeburg"]
[Date "2024.07.01"]
[Round "1.3"]
[White "Hoffmann, Uwe"]
[Black "Meffert, Claudia"]
[Result "1-0"]
[ECO "E07"]
[WhiteElo "2013"]
[BlackElo "1811"]
[Annotator "TA"]
[PlyCount "39"]
[EventDate "2024.06.25"]
[EventType "swiss"]
[EventCountry "GER"]
[SourceTitle "playchess.com"]
[Source "ChessBase"]
[SourceQuality "1"]
[TimeControl "40/5400+30:1800+30"]

1. d4 d5 2. c4 e6 3. g3 Nf6 4. Nf3 Be7 5. Bg2 O-O 6. O-O Nbd7 7. b3 Ne4 8. Qc2 f5 9. Ne5 Bf6 10. Bb2 {[%emt 0:05:06] White is slightly better.} c6 11. Nd2 h5 (11... Nxe5 $14 12. dxe5 Be7) 12. Nxe4 fxe4 {[%emt 0:00:59] [#]} (12... dxe4 $16 13. Ng6 Re8) 13. f3 (13. Ng6 $1 $18 {is more deadly.}) 13... exf3 ({Better is} 13... Nxe5 14. dxe5 Be7) 14. Bxf3 ({Much less strong is} 14. Rxf3 Nxe5 15. dxe5 Be7 $16) 14... Bxe5 15. dxe5 {[%emt 0:00:40] And now cxd5 would win.} Qg5 16. Bg2 Nxe5 $2 {[%emt 0:01:07] [#] This move loses the game for Black.} (16... a5 $16 {is a better defense.} 17. cxd5 cxd5) 17. Rxf8+ $18 Kxf8 18. Qh7 ({Weaker is} 18. Qc3 Ng4 $14) 18... Nf7 (18... Ke7 $142 19. Rf1 a5) 19. Ba3+ {[%emt 0:00:21] This pair of bishops is nice.} Ke8 20. Qg8+ {[%emt 0:00:13] Weighted Error Value: White=0.21 (precise) /Black=0.78.  Loses game:     	---       	Black=1      Mistake:       	White=1     	Black=4      Inaccurate:     	White=1     	---        OK:         	White=3     	Black=1      Best:        	White=2     	Black=1} 1-0

[Event "Seniors-LEM-50 Sachsen-Anhalt 2024"]
[Site "Magdeburg"]
[Date "2024.07.01"]
[Round "1.4"]
[White "Buciu, Aurel-John"]
[Black "Ackermann, Robert"]
[Result "1/2-1/2"]
[ECO "D02"]
[WhiteElo "1807"]
[BlackElo "2041"]
[Annotator "NA RC"]
[PlyCount "32"]
[EventDate "2024.06.25"]
[EventType "swiss"]
[EventCountry "GER"]
[SourceTitle "playchess.com"]
[Source "ChessBase"]
[SourceQuality "1"]
[TimeControl "40/5400+30:1800+30"]

1. d4 d5 2. Bf4 Nf6 3. Nf3 c6 4. e3 Bf5 5. Bd3 Bxd3 6. Qxd3 e6 7. Nbd2 Be7 8. h3 Nbd7 9. O-O O-O 10. Ne5 c5 11. c4 dxc4 12. Ndxc4 Nxe5 13. Bxe5 cxd4 14. Qxd4 Qxd4 15. Bxd4 Rac8 16. Rac1 Nd5 1/2-1/2

[Event "Seniors-LEM-50 Sachsen-Anhalt 2024"]
[Site "Magdeburg"]
[Date "2024.07.01"]
[Round "1.6"]
[White "Klanten, Christoph"]
[Black "Schroeder, Frank"]
[Result "1-0"]
[ECO "C02"]
[WhiteElo "1968"]
[BlackElo "1942"]
[Annotator "NA RC"]
[PlyCount "31"]
[EventDate "2024.06.25"]
[EventType "swiss"]
[EventCountry "GER"]
[SourceTitle "playchess.com"]
[Source "ChessBase"]
[SourceQuality "1"]
[TimeControl "40/5400+30:1800+30"]

1. e4 c5 2. c3 Nc6 3. d4 cxd4 4. cxd4 d5 5. e5 e6 6. Nf3 Bb4+ 7. Nc3 Nge7 8. a3 Bxc3+ 9. bxc3 b6 10. Bd3 Bb7 11. O-O O-O 12. Bxh7+ Kxh7 13. Ng5+ Kg8 14. Qh5 Re8 15. Qxf7+ Kh8 16. Nxe6 1-0

[Event "Seniors-LEM-50 Sachsen-Anhalt 2024"]
[Site "Magdeburg"]
[Date "2024.07.01"]
[Round "1.7"]
[White "Schomann, Michael"]
[Black "Frankenberger, Ralf"]
[Result "0-1"]
[ECO "E91"]
[WhiteElo "1777"]
[BlackElo "1939"]
[Annotator "TA"]
[PlyCount "106"]
[EventDate "2024.06.25"]
[EventType "swiss"]
[EventCountry "GER"]
[SourceTitle "playchess.com"]
[Source "ChessBase"]
[SourceQuality "1"]
[TimeControl "40/5400+30:1800+30"]

1. d4 Nf6 2. c4 d6 3. Nc3 g6 4. e4 Bg7 5. Nf3 O-O 6. h3 c5 7. d5 e6 8. Be2 exd5 9. exd5 a6 10. O-O Re8 11. Bd3 Nbd7 12. Bf4 Nh5 13. Bxd6 {[%emt 0:10:05] Re1 would now be deadly. White has an edge.} (13. Bh2 {simplifies} Ne5 14. Re1 f5 15. Nxe5 Bxe5 16. Bxe5 dxe5 17. Bc2) 13... Qb6 $1 14. Bh2 Qxb2 15. Re1 $2 (15. Ne4 $11 Rxe4 (15... Qxa1 16. Qa4 $16) 16. Rb1 (16. Bxe4 Qxa1 17. Qxa1 Bxa1 $16) 16... Qxa2 17. Bxe4) 15... Rxe1+ $19 16. Qxe1 Qxc3 17. Qe8+ Bf8 ({Not} 17... Nf8 18. Rd1 Nf6 19. Qd8 $19) 18. Rd1 Ng7 19. Qd8 Qf6 20. Qc7 Ne8 21. Qa5 Bd6 22. Bxd6 Nxd6 23. Re1 b6 24. Qa4 Nf8 25. Ne5 Bb7 {[%emt 0:02:26] ...Re8 is the strong threat.} 26. Nc6 {[%emt 0:04:13] [#]} b5 $1 27. cxb5 (27. Qb3 Bxc6) 27... axb5 28. Qc2 c4 29. Bf1 Bxc6 30. dxc6 Rc8 31. a4 Rxc6 {[%emt 0:01:20] aiming for ...b4.} 32. axb5 Nxb5 {[%emt 0:00:18] Threatens to win with ...Nd4.} 33. Qa4 Nc7 34. Bxc4 Rd6 35. Bb3 Nce6 36. Qa8 Kg7 37. Qa7 Qc3 38. Qe3 (38. Qa1 Qxa1 39. Rxa1) 38... Qxe3 (38... Rd3 $142 39. Qe4 Qxb3) 39. Rxe3 Rc6 40. Kh2 Nd7 41. Ba4 Rd6 42. Rc3 Ndc5 43. Bc2 Nd7 $2 (43... Rd2 $19 44. Kg1 Nd4) 44. Bb3 $2 (44. Ba4 $11 Ndc5 45. Bb3) 44... Ne5 45. Re3 Rd3 46. Rxd3 Nxd3 47. Bxe6 $2 (47. Kg1 $19) 47... fxe6 {[%emt 0:00:00] KN-K3P. Black mates.} 48. Kg3 Kf6 49. h4 h5 50. Kf3 Ne1+ 51. Kg3 Kf5 52. Kh2 Kg4 53. f3+ {[%emt 0:00:00] [#]} Nxf3+ $1 {[%emt 0:09:55] Black took control after the opening.   Weighted Error Value: White=0.62/Black=0.28 (precise) .  Loses game:     	White=2     	---        Missed win:     	---       	Black=1      Mistake:       	White=2     	Black=1      Inaccurate:     	---       	Black=1      OK:         	White=6     	Black=10     Best:        	White=1     	Black=1      Strong:       	---       	Black=1} 0-1

[Event "Seniors-LEM-50 Sachsen-Anhalt 2024"]
[Site "Magdeburg"]
[Date "2024.07.01"]
[Round "1.8"]
[White "Weitz, Andreas"]
[Black "Bachmann, Sylvia"]
[Result "1-0"]
[ECO "E87"]
[WhiteElo "1936"]
[BlackElo "1768"]
[Annotator "NA RC"]
[PlyCount "49"]
[EventDate "2024.06.25"]
[EventType "swiss"]
[EventCountry "GER"]
[SourceTitle "playchess.com"]
[Source "ChessBase"]
[SourceQuality "1"]
[TimeControl "40/5400+30:1800+30"]

1. d4 Nf6 2. c4 g6 3. Nc3 Bg7 4. e4 d6 5. f3 O-O 6. Be3 e5 7. d5 Ne8 8. Qd2 Bd7 9. Bd3 Na6 10. Nge2 Nc5 11. Bc2 a5 12. b3 Qe7 13. O-O f5 14. exf5 gxf5 15. f4 Nf6 16. fxe5 dxe5 17. Bxf5 Bxf5 18. Rxf5 Nfe4 19. Rxf8+ Rxf8 20. Nxe4 Nxe4 21. Qc2 Nc5 22. Re1 e4 23. Nf4 Rxf4 24. Bxf4 Nd3 25. Qxd3 1-0

[Event "Seniors-LEM-50 Sachsen-Anhalt 2024"]
[Site "Magdeburg"]
[Date "2024.07.01"]
[Round "1.9"]
[White "Scheunemann, Uwe"]
[Black "Kottke, Steffen"]
[Result "1/2-1/2"]
[ECO "A25"]
[WhiteElo "1764"]
[BlackElo "1933"]
[Annotator "TA"]
[PlyCount "53"]
[EventDate "2024.06.25"]
[EventType "swiss"]
[EventCountry "GER"]
[SourceTitle "playchess.com"]
[Source "ChessBase"]
[SourceQuality "1"]
[TimeControl "40/5400+30:1800+30"]

1. c4 e5 2. Nc3 Nf6 3. g3 Nc6 4. Bg2 Bc5 5. e3 O-O 6. Nge2 Re8 7. O-O Bf8 ({Black should play} 7... Bb6 $11) 8. a3 a5 9. d4 exd4 {[%emt 0:00:00] White is slightly better.} 10. exd4 d6 11. h3 Bf5 (11... a4 $11 {remains equal.}) 12. Be3 Ne4 13. Nxe4 (13. b3 $14) 13... Bxe4 $11 14. Bxe4 Rxe4 15. Nc3 Re8 16. Qd2 Qd7 17. Kg2 Ne7 18. d5 {[%emt 0:00:00] Against Qc6} Ng6 19. Rae1 Rad8 (19... Be7 $11) 20. b3 b6 (20... Be7 $14) 21. Re2 Ne7 22. Rfe1 h6 23. a4 Nf5 24. Bd4 Nxd4 25. Qxd4 Be7 {[%emt 0:00:00] Black is weak on the light squares} ({Black should try} 25... Rxe2 $14 26. Rxe2 Be7) 26. Qd3 {[%emt 0:00:00] White is much more active.} ({Better is} 26. Nb5) 26... Bf8 $16 27. Rxe8 {[%emt 0:00:00] Weighted Error Value: White=0.23 (precise) /Black=0.27 (precise) .  Mistake:       	White=3     	Black=4      Inaccurate:     	White=7     	Black=1      OK:         	White=4     	Black=7      Best:        	---       	Black=1} (27. Qf3 $16) 1/2-1/2

[Event "Seniors-LEM-50 Sachsen-Anhalt 2024"]
[Site "Magdeburg"]
[Date "2024.07.01"]
[Round "1.10"]
[White "Leib, Britta"]
[Black "Janeke, Thomas"]
[Result "1/2-1/2"]
[ECO "B01"]
[WhiteElo "1920"]
[BlackElo "1764"]
[Annotator "TA"]
[PlyCount "41"]
[EventDate "2024.06.25"]
[EventType "swiss"]
[EventCountry "GER"]
[SourceTitle "playchess.com"]
[Source "ChessBase"]
[SourceQuality "1"]
[TimeControl "40/5400+30:1800+30"]

1. e4 d5 2. exd5 Qxd5 3. Nc3 Qa5 4. d4 Nf6 5. Bd2 c6 6. Bd3 Bg4 7. Nge2 Nbd7 8. O-O e6 9. h3 {[%emt 0:00:30] White is slightly better.} (9. Qe1 {simplifies} Bxe2 10. Nxe2 Qc7 11. f4) 9... Bh5 10. Ne4 Qc7 {[%emt 0:00:30] The position is equal.} 11. Bg5 Be7 12. N4g3 Bxe2 13. Qxe2 O-O 14. Rfe1 Nd5 15. Bd2 Nf4 16. Bxf4 Qxf4 17. Rad1 Nf6 18. c3 Rfd8 19. Qc2 Rd7 20. Ne4 h6 21. g3 {[%emt 0:00:30] Weighted Error Value: White=0.12 (very precise) /Black=0.08 (flawless) .  Inaccurate:     	White=1     	Black=1      OK:         	White=3     	Black=6} 1/2-1/2

[Event "Seniors-LEM-50 Sachsen-Anhalt 2024"]
[Site "Magdeburg"]
[Date "2024.07.01"]
[Round "1.11"]
[White "Ahrens, Gunnar"]
[Black "Dannhauer, Frank"]
[Result "0-1"]
[ECO "A06"]
[WhiteElo "1750"]
[BlackElo "1921"]
[Annotator "TA"]
[PlyCount "98"]
[EventDate "2024.06.25"]
[EventType "swiss"]
[EventCountry "GER"]
[SourceTitle "playchess.com"]
[Source "ChessBase"]
[SourceQuality "1"]
[TimeControl "40/5400+30:1800+30"]

1. f4 d5 2. Nf3 e6 3. e3 Nf6 4. b3 c5 5. Bb2 Nc6 6. Bb5 Bd7 7. O-O Be7 8. Bxc6 Bxc6 9. Ne5 Qc7 10. d3 O-O 11. Nd2 b5 12. Qf3 Bb7 13. Qf2 Ne8 {[%emt 0:04:19] Black is slightly better.} 14. c3 f6 15. Nef3 Nd6 16. Rac1 e5 17. g3 (17. fxe5 $15 fxe5 18. c4) 17... e4 18. dxe4 dxe4 19. Ne1 {[%emt 0:02:41][%cal Bf3e1,Be1c2,Bc2d4][%mdl 32] White is weak on the light squares} c4 {[%emt 0:04:44] Black is more active.} (19... a5 $17 {Strongly threatening ...Qd7.} 20. c4 b4) 20. Nc2 Qa5 21. Ra1 Rac8 22. Nd4 Bd5 23. Rfc1 Qb6 24. b4 (24. Ba3 $11) 24... a5 25. a3 f5 26. a4 axb4 27. a5 (27. cxb4 $11 bxa4 28. Rxa4) 27... Qa6 (27... Qc5 $6 28. cxb4 Qa7 (28... Qxb4 $2 29. Ba3 $18) 29. Nb1 $11) (27... bxc3 $142 $1 28. Bxc3 (28. axb6 cxb2 $17) 28... Qb8) 28. cxb4 $17 Nb7 (28... Ne8 $17 29. Nb1 (29. Bc3 Nc7 $17) 29... Bxb4) 29. Bc3 $11 Nd8 30. Qe1 (30. Nb1 $11) 30... Nc6 31. Nb1 Bf6 (31... Nxd4 $15 32. Bxd4 Rfd8) 32. Nxc6 $14 Qxc6 (32... Bxc6 33. Bxf6 gxf6 (33... Rxf6 34. Rd1 $14) 34. Na3 $11) 33. Na3 (33. Bxf6 $1 $16 Qxf6 34. Nc3) 33... Rcd8 (33... Be7 $11 {remains equal.}) 34. Bxf6 $1 $16 Rxf6 35. Nc2 Qe8 {[%emt 0:01:58] [#]} (35... Be6 $14) 36. Nd4 (36. Rd1 $1 $16) 36... Ba8 37. Qc3 h5 38. Rc2 Rd5 (38... Bb7 $11) 39. Rd2 (39. a6 $16) 39... h4 40. Rad1 ({White should try} 40. gxh4 $16 {Threatens to win with Rg2.} Rfd6 41. a6) 40... hxg3 41. hxg3 Qg6 42. Rg2 Qg4 43. Rc1 Rh6 44. Qe1 $2 {[%emt 0:00:46][%mdl 8192] [#]} (44. Kf2 $11 {and White is okay.}) 44... Rh3 $2 ({Black should play} 44... Rxd4 $1 $19 45. exd4 e3 46. Qxe3 Rh1+ 47. Kf2 Bxg2 48. Rxh1 Bxh1) 45. Ne6 $2 (45. Rd1 $11) 45... Qh5 $19 46. Kf2 Rd3 (46... Rh2 $142 {( -> ...Qf3+)} 47. Ng5 Rd3) 47. Ng5 {[%emt 0:00:00] Wards off Qf3+} Rh2 48. Rxh2 $2 (48. Rc2 $19 Rh1 49. Qe2 Qxe2+ 50. Rxe2) 48... Qxh2+ 49. Kf1 Rd2 {[%emt 0:00:00] Weighted Error Value: White=0.72/Black=0.64.  Loses game:     	White=2     	---        Missed win:     	---       	Black=1      Mistake:       	White=9     	Black=8      Inaccurate:     	White=4     	Black=6      OK:         	White=5     	Black=3      Best:        	White=3     	Black=1      Strong:       	White=1     	---} 0-1

[Event "Seniors-LEM-50 Sachsen-Anhalt 2024"]
[Site "Magdeburg"]
[Date "2024.07.01"]
[Round "1.12"]
[White "Anderberg, Peter"]
[Black "Langner, Hans-Rainer"]
[Result "1/2-1/2"]
[ECO "D11"]
[WhiteElo "1909"]
[BlackElo "1730"]
[Annotator "TA"]
[PlyCount "100"]
[EventDate "2024.06.25"]
[EventType "swiss"]
[EventCountry "GER"]
[SourceTitle "playchess.com"]
[Source "ChessBase"]
[SourceQuality "1"]
[TimeControl "40/5400+30:1800+30"]

1. d4 d5 2. c4 c6 3. Nf3 Nf6 4. e3 Bg4 5. Nc3 e6 6. Be2 Bxf3 7. Bxf3 dxc4 8. Qa4 Nbd7 9. Qxc4 Nb6 10. Qb3 Qc7 11. Bd2 Be7 12. Rc1 O-O 13. O-O Qd7 14. Rfd1 Nfd5 15. e4 Nf6 (15... Nxc3 $14 16. Bxc3 (16. bxc3 c5 $16) (16. Qxc3 Kh8 $16) 16... Rfc8) 16. Bg5 ({Better is} 16. Be3 $16) 16... h6 (16... Nfd5 $14 17. Bd2 Nxc3 18. Bxc3 (18. bxc3 c5 $16) (18. Qxc3 Rad8 $16) 18... Rfd8) 17. Be3 $16 Rfd8 18. a4 Nc8 19. d5 exd5 20. exd5 c5 21. Nb5 {[%emt 0:12:41] White is more active.} a6 (21... Bf8 $16 {was called for.} 22. Bxc5 Bxc5) 22. d6 $1 $18 Nxd6 23. Nxd6 Bxd6 24. Bxc5 {[%emt 0:01:38] A strong pair of Bishops.} (24. Qxb7 $6 Qe6 (24... Qxa4 $2 25. Rxd6 Qa2 26. Rxf6 $18)) 24... Qe7 25. Bxd6 Rxd6 26. Rxd6 (26. Bxb7 $2 Rxd1+ 27. Rxd1 Rb8 $19) 26... Qxd6 27. Qxb7 (27. Bxb7 Rb8 28. Qc2 Qb6 $11) 27... Rb8 28. Rc8+ Rxc8 29. Qxc8+ {[%emt 0:00:04][%mdl 4096] Endgame. KQB-KQN} Kh7 30. g3 {[%emt 0:02:46] Hoping for a5.} g6 $2 (30... Qd3) 31. a5 Qd3 32. Kg2 Kg7 33. Qb7 {[%emt 0:01:18] Wards off Ne4} g5 $2 (33... h5 34. h4 Ne8) 34. h3 h5 35. b4 g4 36. hxg4 hxg4 37. Bc6 Qh7 38. Qxa6 {[%emt 0:00:58] [#] Threatens to win with Qb5.} Qh3+ 39. Kg1 {[%emt 0:00:02] And now Qb7 would win.} Nh7 40. Qb7 Qh6 41. Bg2 $2 (41. a6 $18 {White wants to mate with a7.} Ng5 42. Qd7 (42. a7 Nh3+ 43. Kf1 Qd2) 42... Nf3+ 43. Bxf3 Qxa6 44. Qxg4+ Kf6 45. Qh4+ Kf5 46. Bd5) 41... Qc1+ $11 {[%emt 0:00:48] The position is equal.} 42. Kh2 (42. Bf1 $5 Ng5 $8 43. Kg2 $11) 42... Qh6+ 43. Kg1 Qc1+ 44. Bf1 (44. Kh2 $5 Qh6+ $8 45. Kg1 $11) 44... Ng5 {[%emt 0:01:20] [#] aiming for ...Nf3+.} 45. Kg2 (45. Qd7 $5 Nf3+ $8 46. Kg2 Ne1+ 47. Kg1 (47. Kh1 $2 Qh6+ 48. Kg1 Nf3+ 49. Kg2 Qh3#) 47... Nf3+ 48. Kg2 Ne1+ 49. Kg1 (49. Kh1 $2 Qh6+ 50. Kg1 Nf3+ 51. Kg2 Qh3#) 49... Nf3+ $11) 45... Nf3 {[%emt 0:02:52] ...Qh6 is the strong threat.} 46. Qe4 (46. Qd7 $5 Ne1+ $8 47. Kg1 (47. Kh1 $2 {is a self mate.} Qh6+ 48. Kg1 Nf3+ 49. Kg2 Qh3#) 47... Nf3+ 48. Kg2 Ne1+ 49. Kg1 (49. Kh1 $2 Qh6+ 50. Kg1 Nf3+ 51. Kg2 Qh3#) 49... Nf3+ 50. Kg2 $11) 46... Ne1+ 47. Kg1 $1 ({Don't go for} 47. Kh1 $2 Qh6+ 48. Kg1 Nf3+ $19) 47... Nf3+ 48. Kg2 Ne1+ 49. Kg1 $1 ({Avoid the trap} 49. Kh1 $2 Qh6+ 50. Kg1 Nf3+ $19) 49... Nf3+ 50. Kg2 Ne1+ {[%emt 0:01:00] Black defended with fortune.   Weighted Error Value: White=0.20 (precise) /Black=0.30.  Mistake:       	White=1     	Black=5      Inaccurate:     	---       	Black=3      OK:         	White=11    	Black=9      Best:        	White=7     	Black=7      Strong:       	White=3     	---} 1/2-1/2

[Event "Seniors-LEM-50 Sachsen-Anhalt 2024"]
[Site "Magdeburg"]
[Date "2024.07.01"]
[Round "1.13"]
[White "Remstedt, Ute"]
[Black "Korte, Markus"]
[Result "1/2-1/2"]
[ECO "D04"]
[WhiteElo "1710"]
[BlackElo "1895"]
[Annotator "NA RC"]
[PlyCount "58"]
[EventDate "2024.06.25"]
[EventType "swiss"]
[EventCountry "GER"]
[SourceTitle "playchess.com"]
[Source "ChessBase"]
[SourceQuality "1"]
[TimeControl "40/5400+30:1800+30"]

1. d4 d5 2. Nf3 Nf6 3. e3 Bg4 4. Be2 e6 5. a3 Nbd7 6. Nbd2 {[%emt 0:03:07] D04: Colle System.} Bd6 7. b4 e5 8. dxe5 Nxe5 9. Bb2 Ng6 10. O-O O-O 11. Rc1 Qe7 12. c4 c6 13. Bxf6 Qxf6 14. cxd5 cxd5 15. Qb3 Rad8 16. Rfd1 Nh4 17. h3 Bh5 18. Qd3 (18. Qxd5 $2 {loses.} Bh2+ 19. Nxh2 Rxd5 $19) 18... Bg6 19. Qd4 Nxf3+ 20. Nxf3 Qe7 21. Qxa7 ({Much worse is} 21. Qxd5 Bh2+ 22. Nxh2 Rxd5 23. Rxd5 Be4 $15) 21... Ra8 22. Qb6 Rxa3 23. Rxd5 Bxb4 24. Rb5 (24. Rc7 $142 Qe4 25. Rcd7 (25. Qxb7 Ra1+ 26. Rd1 Rxd1+ 27. Bxd1 Qb1 $16)) 24... Rc3 25. Rxc3 Bxc3 26. Qxb7 Qf6 27. Qc7 h6 $16 28. Qc5 Be4 29. Rb6 Qd8 1/2-1/2

[Event "Seniors-LEM-50 Sachsen-Anhalt 2024"]
[Site "Magdeburg"]
[Date "2024.07.01"]
[Round "1.14"]
[White "Schiller, Dirk"]
[Black "Gaertig, Johannes"]
[Result "1-0"]
[ECO "C01"]
[WhiteElo "1885"]
[BlackElo "1687"]
[Annotator "NA RC"]
[PlyCount "133"]
[EventDate "2024.06.25"]
[EventType "swiss"]
[EventCountry "GER"]
[SourceTitle "playchess.com"]
[Source "ChessBase"]
[SourceQuality "1"]
[TimeControl "40/5400+30:1800+30"]

1. e4 e6 2. d4 a6 3. Nf3 Bb4+ 4. c3 Be7 5. Bd3 c6 6. Bf4 Nf6 7. Nbd2 b5 8. a3 d5 9. e5 Nh5 10. Bg3 Nxg3 11. hxg3 Nd7 12. b4 Nb6 13. Qc2 h6 14. Nb3 Na4 15. O-O O-O 16. Nh2 f5 17. exf6 Bxf6 18. f4 Qd6 19. Ng4 Ra7 20. Rae1 Re7 21. Bh7+ Kh8 22. Ne5 Bxe5 23. Rxe5 Nb6 24. Bd3 Nd7 25. Re3 Nf6 26. Nc5 Ng4 27. Ref3 Nf6 28. Re1 Ng4 29. Qd2 Nf6 30. a4 Ng4 (30... bxa4 {might work better.} 31. Ra1 (31. Nxa6 Bxa6 32. Bxa6 c5 $11) (31. Nxa4 Ra7 $18) 31... Qd8 32. Rxa4 (32. Nxa4 a5 $16) 32... Qe8) 31. a5 Rf6 32. Be2 h5 33. Nd3 Rh6 34. Ne5 Nxe5 $2 (34... Nf6 35. Bd3 Rb7 36. Ng6+ Kg8) 35. fxe5 Qd8 36. Ref1 Re8 37. Bd3 Rg8 38. Qf2 Bd7 39. Rf8 Qe7 40. Qf7 Qxf7 41. R1xf7 Be8 42. Rxg8+ Kxg8 43. Ra7 Bg6 44. Bxg6 Rxg6 45. Kh2 h4 46. gxh4 Rg4 47. g3 Re4 48. Rxa6 Kf7 49. Rxc6 Re2+ 50. Kh3 Ra2 51. Rc5 Kg6 52. Rxb5 Kf5 53. Rb7 Kg6 54. Re7 Ra3 55. Rxe6+ Kf7 56. Rc6 g6 57. Kg4 Ra1 58. Kg5 Rg1 59. g4 Re1 60. Rf6+ Ke7 61. a6 Ra1 62. Rxg6 Ra3 63. a7 Kf7 64. Rf6+ Kg7 65. e6 Rxc3 66. a8=Q Rc8 67. Rf7+ 1-0